 Dungeon Crawl Stone Soup version 0.28.0-45-g0d030f2227 (webtiles) character file.

Game seed: 1427447998311808530

151 zeratav the Insei (level 5, -2/34 HPs)
             Began as an Octopode Transmuter on Apr 11, 2022.
             Succumbed to an orc priest's poison
             ... on level 3 of the Dungeon.
             The game lasted 00:02:19 (2690 turns).

zeratav the Insei (Octopode Transmuter)             Turns: 2690, Time: 00:02:20

Health: -2/34      AC:  1    Str: 10    XL:     5   Next: 33%
Magic:  8/8        EV: 14    Int: 15    God:
Gold:   84         SH:  0    Dex: 14    Spells: 7/8 levels left

rFire   . . .      SeeInvis .   g - +0 falchion (holy) {long}
rCold   . . .      Faith    .   (no shield)
rNeg    . . .      Spirit   .   (helmet restricted)
rPois   .          Reflect  .   (no amulet)
rElec   .          Harm     .   (no ring)
rCorr   .          Rampage  .   (no ring)
Will    .....                   (no ring)
Stlth   +++.......              (no ring)
HPRegen 0.11/turn               (no ring)
MPRegen 0.11/turn               (no ring)
                                (no ring)
                                (no ring)

@: lethally poisoned (-2 -> -15)
A: almost no armour, amphibious, 8 rings, camouflage 1, gelatinous body 1,
(nimble swimmer 1), tentacles
a: no special abilities


You were on level 3 of the Dungeon.
You visited 1 branch of the dungeon, and saw 3 of its levels.

You collected 84 gold pieces.


Innate Abilities, Weirdness & Mutations

You cannot wear most types of armour.
You are amphibious.
You can wear up to eight rings at the same time.
Your skin changes colour to match your surroundings (Stealth+).
Your rubbery body absorbs attacks. (AC +1, EV +1)
((You are camouflaged when in or above water. (Stealth+)))
You have tentacles for arms and can constrict up to eight enemies at once.


   Skills:
 + Level 2.2 Fighting
 + Level 3.0 Dodging
 + Level 2.8 Stealth
 * Level 4.3 Unarmed Combat
 - Level 2.0 Spellcasting
 - Level 2.0 Transmutations


You had 7 spell levels left.
You knew the following spells:

 Your Spells              Type           Power      Damage    Failure   Level
a - Beastly Appendage     Tmut           14%        N/A       10%         1

Your spell library contained the following spells:

 Spells                   Type           Power      Damage    Failure   Level
 Wereblood                Tmut           7%         N/A       14%         2
 Spider Form              Tmut/Pois      4%         N/A       41%         3
 Gell's Gravitas          Tloc           1%         N/A       54%         3
 Teleport Other           Tloc           1%         N/A       54%         3
 Ice Form                 Ice/Tmut       4%         N/A       82%         4
 Olgreb's Toxic Radiance  Pois           1%         N/A       91%         4
 Dispersal                Tloc           0%         N/A       100%        6
 Ozocubu's Refrigeration  Ice            0%         4d5       100%        7
 Ignition                 Fire           0%         3d3       100%        8

Inventory:

Hand Weapons
 g - a +0 falchion of holy wrath (weapon) {long}
   (You took it off an orc on level 3 of the Dungeon)
Jewellery
 h - an amulet of the acrobat
   (You found it on level 3 of the Dungeon)
Scrolls
 b - 4 scrolls of teleportation {unknown}
 c - a scroll of noise {unknown}
 d - a scroll of identify {unknown}
Potions
 a - a potion of flight {unknown}
 e - 2 potions of ambrosia {unknown}
 f - a potion of curing {unknown}

Dungeon Overview and Level Annotations

Branches:
Dungeon (3/15)

Altars:

### ## #.. .#
#.##### .## #.##..
.. ##########.##.#
.#
...........##.###.##
#######......))<@..#
# #.#####.###).# #
#.# #.# ..# # #.#
..# .... # #.. ##.#
...## # #.. #.. ....
### ... ... ...##
..# #. ### #>.# #.#


There were no monsters in sight!


Message History

HP[+1]
You completely miss the orc priest. Your grab misses the orc priest.
The orc priest invokes the aid of Beogh against you.
Beogh smites you!
* * * LOW HITPOINT WARNING * * *
You are too injured to fight recklessly!
HP[-12]
You take 12 damage, and now have 9/34 hp.
MASSIVE DAMAGE!! (PAUSE)
You are too injured to fight recklessly!
You are too injured to fight recklessly!
You are too injured to fight recklessly!
You are too injured to fight recklessly!
You are too injured to fight recklessly!
You are too injured to fight recklessly!
You are too injured to fight recklessly!
You are too injured to fight recklessly!
You are too injured to fight recklessly!
You are too injured to fight recklessly!
You are too injured to fight recklessly!
You are too injured to fight recklessly!
You are too injured to fight recklessly!
You are too injured to fight recklessly!
You are too injured to fight recklessly!
You are too injured to fight recklessly!
You are too injured to fight recklessly!
You are too injured to fight recklessly!
You hit the orc priest. You grab the orc priest.
You pierce the orc priest, but do no damage.
You squeeze the orc priest.
You constrict the orc priest, but do no damage.
The orc priest barely misses you. The orc priest closely misses you.
MP[+1]
Your mp is fully restored (8).
You hit the orc priest but do no damage.
You squeeze the orc priest, but do no damage.
You constrict the orc priest. The orc priest hits you with a +0 club.
* * * LOW HITPOINT WARNING * * *
HP[-6]
You take 6 damage, and now have 3/34 hp.
You hit the orc priest but do no damage.
You squeeze the orc priest. You constrict the orc priest.
You kill the orc priest!
Your Dodging skill increases to level 3!
Things that are here:
a +0 club {mace}; a +0 chain mail Your tentacle spike disappears.
You see here a +0 falchion {long}.
You start resting.
A goblin comes into view. It is wielding a +0 club.
HP[+6]
You regained 6 hp, and now have 9/34 hp.
The goblin shouts!
Things that are here:
a +0 club {mace}; a +0 chain mail
There is an escape hatch in the ceiling here.
You miss the goblin. Your grab misses the goblin.
Your squeeze misses the goblin. The goblin hits you with a +0 club.
* * * LOW HITPOINT WARNING * * *
HP[-1]
You take 1 damage, and now have 8/34 hp.
You hit the goblin but do no damage. Your grab misses the goblin.
You tentacle-slap the goblin.
You kill the goblin!
You start resting.
A hobgoblin comes into view.
HP[+4]
You regained 4 hp, and now have 12/34 hp.
You start resting.
An orc priest comes into view. It is wielding a +0 hand axe of venom.
HP[+11]
You regained 11 hp, and now have 23/34 hp.
Found an escape hatch in the floor.
The orc priest hits you with a +0 hand axe of venom.
You are poisoned.
Things that are here:
a +0 club {mace}; a scroll labelled KEMUSOY DACH; a goblin corpse HP[-3]
You take 3 damage, and now have 20/34 hp.
You barely miss the orc priest. You grab the orc priest.
You constrict the orc priest.
You feel very sick.
The orc priest hits you with a +0 hand axe of venom.
* * * LOW HITPOINT WARNING * * *
You are lethally poisoned!
HP[-8]
You take 8 damage, and now have 12/34 hp.
MASSIVE DAMAGE!! (PAUSE)
You hit the orc priest. You squeeze the orc priest.
You constrict the orc priest.
* * * LOW HITPOINT WARNING * * *
You feel very sick.
The orc priest hits you with a +0 hand axe of venom.
* * * LOW HITPOINT WARNING * * *
HP[-10]
You take 10 damage, and now have 2/34 hp.
MASSIVE DAMAGE!! (PAUSE)
You slash the orc priest!
You kill the orc priest!
You die...

Skill      XL: |  1  2  3  4  5 |
---------------+----------------+-----
Stealth        | 1 2 |  2.8
Fighting       | 2 |  2.2
Unarmed Combat | 4 |  4.3
Dodging        | 3 |  3.0
Spellcasting   | |  2.0
Transmutations | |  2.0

Action                   |  1- 3 |  4- 6 || total
-------------------------+-------+-------++-------
Melee: Unarmed           |    59 |    29 ||    88
       Constrict         |    20 |    14 ||    34
       Kick              |    14 |    12 ||    26
       Tentacles         |     7 |    13 ||    20
       Punch             |     2 |     3 ||     5
       Falchion          |       |    25 ||    25
 Cast: Beastly Appendage |    14 |    11 ||    25
 Stab: Sleeping          |     1 |     3 ||     4
Armor: Skin              |     2 |     3 ||     5
Dodge: Dodged            |    39 |    27 ||    66

Levels and vault maps discovered:
D:1:      denvon_arrival_planthouse, layout_basic, nicolae_grassy_gnolls
D:2:      layout_rooms, ebering_ecumenical_altar_box, minivault_27
D:3:      cheibrodos_pilgrimage, layout_loops_ring,
          nicolae_sif_muna_little_library

Notes
Turn   | Place    | Note
-------+----------+-------------------------------------------
     0 | D:1      | zeratav the Octopode Transmuter began the quest for the
                  | Orb.
     0 | D:1      | Reached XP level 1. HP: 13/13 MP: 3/3
     0 | D:1      | magus.rc [v1.9.6]
   172 | D:1      | Reached XP level 2. HP: 18/18 MP: 3/5
   278 | D:1      | Reached skill level 1 in Stealth
   338 | D:1      | You add the spells Gell's Gravitas, Teleport Other and
                  | Dispersal to your library.
   459 | D:1      | Reached XP level 3. HP: 20/23 MP: 6/6
  1153 | D:2      | You add the spells Olgreb's Toxic Radiance, Ozocubu's
                  | Refrigeration and Ignition to your library.
  1167 | D:2      | Reached skill level 2 in Stealth
  1167 | D:2      | Reached XP level 4. HP: 14/29 MP: 7/7
  1169 | D:2      | HP: 6/29 [rat (3)]
  1788 | D:2      | Reached skill level 2 in Fighting
  1788 | D:2      | Reached skill level 4 in Unarmed Combat
  1804 | D:2      | Found a faded altar of an unknown god.
  2129 | D:3      | HP: 5/29 [shadow imp/nerve-wracking pain (13)]
  2158 | D:2      | Reached XP level 5. HP: 8/34 MP: 8/8
  2493 | D:3      | HP: 3/34 [orc priest/+0 club (6)]
  2495 | D:3      | Reached skill level 3 in Dodging
  2549 | D:3      | HP: 8/34 [goblin/+0 club (1)]
  2689 | D:3      | HP: 8/34 [poisoned by an orc priest]
  2689 | D:3      | HP: 2/34 [orc priest/+0 hand axe of venom (6)]
  2690 | D:3      | Succumbed to an orc priest's poison

Vanquished Creatures
  2 orc priests (D:3)
  A gnoll (D:1)
  5 adders
  A shadow imp (D:3)
  2 dart slugs
  3 orcs
  3 endoplasms
  2 giant cockroaches
  3 goblins
  6 hobgoblins
  4 jackals
  3 kobolds
  2 quokkas
  6 ball pythons
  2 bats (D:1)
  5 frilled lizards
  5 rats
55 creatures vanquished.

Table legend:
 A = Non-vault XP
 B = Vault XP
 C = Vault XP percentage of total XP
 D = Non-vault monster count
 E = Vault monster count
 F = Vault count percentage of total count
                 A         B        C        D         E       F
            +---------+---------+-------+---------+---------+-------
      Total |     155 |     101 |  39.5 |      50 |       5 |   9.1
            +---------+---------+-------+---------+---------+-------
        D:1 |      36 |      14 |  28.0 |      22 |       1 |   4.3
        D:2 |      83 |       3 |   3.5 |      21 |       1 |   4.5
        D:3 |      36 |      84 |  70.0 |       7 |       3 |  30.0
            +---------+---------+-------+---------+---------+-------

Illustrated notes

Table legend:
 A = Kills in this place as a percentage of kills in entire the game.
 B = Kills by you in this place as a percentage of kills by you in the entire game.
 C = Kills by friends in this place as a percentage of kills by friends in the entire game.
 D = Other kills in this place as a percentage of other kills in the entire game.
 E = Experience gained in this place as a percentage of experience gained in the entire game.
 F = Experience gained in this place divided by the number of levels of this place that you have seen.
                   A       B       C       D       E      F
               +-------+-------+-------+-------+-------+----------------------
         Total | 100.0 | 100.0 |   N/A |   N/A | 100.0 |  85.3
       Dungeon | 100.0 | 100.0 |   N/A |   N/A | 100.0 |  85.3
               +-------+-------+-------+-------+-------+----------------------

Table legend: (Time is in decaauts)
 A = Elapsed time spent in this place.
 B = Non-inter-level travel time spent in this place.
 C = Inter-level travel time spent in this place.
 D = Time resting spent in this place.
 E = Time spent auto-exploring this place.
 F = Levels seen in this place.
 G = Mean time per level.
                   A        B        C        D        E       F      G
               +--------+--------+--------+--------+--------+-----+--------+
         Total |   2692 |   2662 |     30 |    413 |   1911 |   3 |  897.3 |
       Dungeon |   2692 |   2662 |     30 |    413 |   1911 |   3 |  897.3 |
               +--------+--------+--------+--------+--------+-----+--------+

Top non-repeatable levels by time:
     D:2: 1058 daAuts
     D:1: 1044 daAuts
     D:3: 589 daAuts
